 Dungeon Crawl Stone Soup version 0.29-a0-477-g62b78b4225 (webtiles) character file.

Game seed: 14229660448999119837

239 Infinimo the Cudgeller (level 6, -1/66 HPs)
             Began as an Ogre Gladiator on May 25, 2022.
             Slain by an iguana (10 damage)
             ... on level 4 of the Dungeon.
             The game lasted 00:03:59 (4358 turns).

Infinimo the Cudgeller (Ogre Gladiator)             Turns: 4358, Time: 00:03:59

Health: -1/66      AC:  3    Str: 19    XL:     6   Next: 7%
Magic:  6/6        EV: 10    Int: 11    God:
Gold:   110        SH:  0    Dex: 10    Spells: 5/5 levels left

rFire   . . .      SeeInvis .   a - +0 flail
rCold   . . .      Faith    .   (no shield)
rNeg    . . .      Spirit   .   b - +0 robe
rPois   .          Reflect  .   c - +0 hat
rElec   .          Harm     .   (no cloak)
rCorr   .          Rampage  .   (gloves unavailable)
Will    .....                   (boots unavailable)
Stlth   +.........              (no amulet)
HPRegen 0.21/turn               (no ring)
MPRegen 0.10/turn               (no ring)

@: no status effects
A: large, unfitting armour, tough skin 1
a: no special abilities


You were on level 4 of the Dungeon.
You visited 1 branch of the dungeon, and saw 4 of its levels.

You collected 110 gold pieces.

Inventory:

Hand Weapons
 a - a +0 flail (weapon)
Missiles
 d - 3 throwing nets (quivered)
 e - a large rock
Armour
 b - a +0 robe (worn)
 c - a +0 hat (worn)
Jewellery
 h - a ring of protection from cold
 r - a +4 ring of protection
 x - an amulet of magic regeneration
Wands
 s - a wand of iceblast (9)
Scrolls
 m - 2 scrolls of silence
 o - 2 scrolls of enchant armour {unknown}
 p - a scroll of vulnerability
 u - 3 scrolls of fog
 v - a scroll of teleportation
Potions
 f - a potion of brilliance
 g - a potion of lignification
 i - 3 potions of degeneration
 k - a potion of heal wounds {unknown}
 l - 2 potions of resistance
 n - a potion of mutation {unknown}
 q - 2 potions of flight
 w - a potion of attraction {unknown}


   Skills:
 + Level 5.1 Fighting
 * Level 5.1 Maces & Flails
 - Level 2.0 Throwing
 - Level 2.6 Dodging


You had 5 spell levels left.
You didn't know any spells.
Your spell library contained the following spells:

 Spells                   Type           Power      Damage    Failure   Level
 Foxfire                  Conj/Fire      0%         2x1d4     34%         1
 Conjure Flame            Conj/Fire      0%         6-21      71%         3
 Inner Flame              Hex/Fire       0%         N/A       71%         3
 Flame Wave               Conj/Fire      0%         2d4       98%         4


Dungeon Overview and Level Annotations

Branches:
Dungeon (4/15)
 Temple: D:4-7

Altars:


Innate Abilities, Weirdness & Mutations

You are too large for most types of armour.
You have tough skin. (AC +1)


Message History

You are too injured to fight recklessly!
You are too injured to fight recklessly!
You are too injured to fight recklessly!
You are too injured to fight recklessly!
You are too injured to fight recklessly!
You are too injured to fight recklessly!
You are too injured to fight recklessly!
You are too injured to fight recklessly!
You are too injured to fight recklessly!
You are too injured to fight recklessly!
You are too injured to fight recklessly!
You are too injured to fight recklessly!
You are too injured to fight recklessly!
You are too injured to fight recklessly!
You are too injured to fight recklessly!
The iguana attacks as you move away! The iguana bites you!
You are too injured to fight recklessly!
The iguana bites you.
* * * LOW HITPOINT WARNING * * *
The iguana attacks as you move away! The iguana bites you.
* * * LOW HITPOINT WARNING * * *
The iguana attacks as you move away! The iguana attacks as you move away!
The iguana bites you.
* * * LOW HITPOINT WARNING * * *
The iguana attacks as you move away! The iguana attacks as you move away!
The iguana attacks as you move away! The iguana bites you.
* * * LOW HITPOINT WARNING * * *
The iguana attacks as you move away! The iguana bites you!
* * * LOW HITPOINT WARNING * * *
The iguana hisses menacingly.
The iguana attacks as you move away!
It was a potion of curing.
You feel better. The iguana attacks as you move away! The iguana bites you.
* * * LOW HITPOINT WARNING * * *
There is a stone staircase leading up here.
Things that are here:
5 stones; a +0 dagger; a kobold skeleton The iguana bites you!
You die...

##.........##.#.##..........
#.>........#........[....###
##............# ....#....# #
####....#....# .....#...# .
. #....##...##..#####.## .
..##....#.#.##.###.#..####
...........#..........###
........................#
....#....@l..........##...
.#####....o............###
..#.#...........[....<##
.......................###
..###........#..........#.
##.......#............
#....#..#.##........#
#....#.....#..###.###
#.............##..#


You could see an iguana and an orc.

Vanquished Creatures
  Blork the orc (D:3)
  An orc priest (D:3)
  Ijyb (D:3)
  4 adders
  A worm (D:2)
  3 dart slugs
  6 orcs (D:3)
  4 ball pythons
  5 bats
  6 endoplasms
  5 goblins
  10 hobgoblins
  4 quokkas
  7 frilled lizards
  6 kobolds
  4 rats
68 creatures vanquished.

Vanquished Creatures (others)
  4 plants (D:3)
  11 withered plants (D:3)
15 creatures vanquished.

Grand Total: 83 creatures vanquished

Notes
Turn   | Place    | Note
-------+----------+-------------------------------------------
     0 | D:1      | Infinimo the Ogre Gladiator began the quest for the Orb.
     0 | D:1      | Reached XP level 1. HP: 22/22 MP: 1/1
   355 | D:1      | Reached XP level 2. HP: 19/31 MP: 2/2
   976 | D:1      | Reached XP level 3. HP: 37/37 MP: 3/3
  2245 | D:2      | Reached XP level 4. HP: 48/48 MP: 4/4
  2434 | D:3      | Found a faded altar of an unknown god.
  2456 | D:3      | Noticed an ogre
  3438 | D:3      | Reached XP level 5. HP: 50/54 MP: 5/5
  3534 | D:3      | Noticed Ijyb
  3542 | D:3      | Killed Ijyb
  4159 | D:4      | Noticed Blork the orc
  4175 | D:3      | Killed Blork the orc
  4176 | D:3      | Reached skill level 5 in Fighting
  4176 | D:3      | Reached skill level 5 in Maces & Flails
  4176 | D:3      | Reached XP level 6. HP: 66/66 MP: 6/6
  4352 | D:4      | HP: 2/66 [iguana (11)]
  4358 | D:4      | Slain by an iguana

Illustrated notes

Levels and vault maps discovered:
D:1:      dpeg_arrival_windows_large_door, layout_loops_corners,
          grunt_decor_arrowhead, nrook_mini_vaults, serial_bayou_pond_e
D:2:      layout_loops_ring
D:3:      layout_basic, shapermc_ecumenical_altar_flowoftime, uniq_ijyb
D:4:      layout_cave_pools, serial_shops, nicolae_diamond_shop,
          uniq_blork_the_orc

Skill      XL: |  1  2  3  4  5 |
---------------+----------------+-----
Fighting       | 3 4 5 |  5.1
Maces & Flails | 3 4 5 |  5.1
Throwing       | |  2.0
Dodging        | |  2.6

Action                   |  1- 3 |  4- 6 || total
-------------------------+-------+-------++-------
Melee: Flail             |    96 |   100 ||   196
       Punch             |     1 |       ||     1
  Use: Scroll            |       |    16 ||    16
       Potion            |       |     4 ||     4
Armor: Robe              |    34 |    16 ||    50
       Skin              |       |     9 ||     9
Dodge: Dodged            |    48 |    51 ||    99

Table legend: (Time is in decaauts)
 A = Elapsed time spent in this place.
 B = Non-inter-level travel time spent in this place.
 C = Inter-level travel time spent in this place.
 D = Time resting spent in this place.
 E = Time spent auto-exploring this place.
 F = Levels seen in this place.
 G = Mean time per level.
                   A        B        C        D        E       F      G
               +--------+--------+--------+--------+--------+-----+--------+
         Total |   4400 |   4327 |     73 |    395 |   3351 |   4 | 1100.0 |
       Dungeon |   4400 |   4327 |     73 |    395 |   3351 |   4 | 1100.0 |
               +--------+--------+--------+--------+--------+-----+--------+

Top non-repeatable levels by time:
     D:1: 1395 daAuts
     D:3: 1328 daAuts
     D:2: 1266 daAuts
     D:4: 411 daAuts
